 Dungeon Crawl Stone Soup version 0.19-a0-593-gf2cdb02 (webtiles) character file.

469606 Arkorax the Slayer (level 23, -12/255 HPs)
             Began as a Minotaur Fighter on June 10, 2016.
             Was the Champion of Vehumet.
             Mangled by a frost giant
             ... wielding a +2 battleaxe of freezing
              (19 damage)
             ... while paralysed by something
             ... on level 2 of the Depths.
             The game lasted 01:55:33 (53209 turns).

Arkorax the Slayer (Minotaur Fighter)              Turns: 53209, Time: 01:55:33

Health: -12/255    AC: 40    Str: 35    XL:     23   Next: 51%
Magic:  22/22      EV:  4    Int: 20    God:    Vehumet [******]
Gold:   968        SH:  0    Dex: 16    Spells: 0 memorised, 22 levels left

rFire  + + .     SeeInvis .     Z - +2 broad axe (distort)
rCold  + . .     Gourm    .     W - +9 plate armour {rF+}
rNeg   + + .     Faith    .     t - +18 shield of the Gong {rElec rN+ MR+ EV-5}
rPois  +         Spirit   .     M - +2 hat
rElec  +         Dismiss  +     B - +2 cloak
rCorr  .         Reflect  .     c - +0 pair of gloves "Leunaxtoda" {*Contam rPois Int+7}
SustAt .         Harm     .     s - +0 pair of boots
MR     ++...                    X - amulet of Wishful Thinking {Dismiss +Blink rElec Int+7 Stlth-}
Stlth  ..........               Y - ring "Wuwoku" {+Fly rC+ rN+ Str+4 Int+3}
                                R - ring of Amelioration {+Blink rElec rF+ Str+4 Stlth+}

@: paralysed, very slightly contaminated, hasted, very resistant to hostile
enchantments, extremely unstealthy
A: retaliatory headbutt, horns 2, repulsion field 1, dopey 1, robust 1, strong
1, no device heal 1
a: Renounce Religion, Evoke Blink, Evoke Flight
}: 2/15 runes: serpentine, barnacled


You were on level 2 of the Depths.
You worshipped Vehumet.
Vehumet was exalted by your worship.
You were not hungry.

You visited 10 branches of the dungeon, and saw 43 of its levels.
You visited the Abyss 1 time.
You visited 1 ziggurat, and saw 7 of its levels.
You also visited: Ice Cave.

You collected 4334 gold pieces.
You spent 3366 gold pieces at shops.

Inventory:

Hand Weapons
 h - the +0 war axe of Gallantry {elec, rC+ Int+2}
   (You acquired it on level 2 of the Orcish Mines)

   Occasionally, upon striking a foe, it will discharge some electrical energy
   and cause terrible harm.
   It affects your intelligence (+2).
   It protects you from cold.
 z - the +12 scimitar of Wilezaex {drain, Int+4}
   (You found it in an ice cave)

   A truly terrible weapon, it drains the life of those it strikes.
   It affects your intelligence (+4).
 Z - a +2 broad axe of distortion (weapon)
Armour
 c - the +0 pair of gloves "Leunaxtoda" (worn) {*Contam rPois Int+7}
   (You found it on level 3 of the Elven Halls)

   It affects your intelligence (+7).
   It protects you from poison.
   It causes magical contamination when unequipped.
 s - a +0 pair of boots (worn)
 t - the +18 shield of the Gong (worn) {rElec rN+ MR+ EV-5}
   (You bought it in a shop on level 2 of the Orcish Mines)

   It affects your evasion (-5).
   It insulates you from electricity.
   It protects you from negative energy.
   It affects your resistance to hostile enchantments.
 B - a +2 cloak (worn)
 M - a +2 hat (worn)
 W - a +9 plate armour of fire resistance (worn)
Jewellery
 R - the ring of Amelioration (left hand) {+Blink rElec rF+ Str+4 Stlth+}
   (You took it off a deep elf demonologist on level 3 of the Elven Halls)

   [ring of stealth]

   It affects your strength (+4).
   It protects you from fire.
   It insulates you from electricity.
   It lets you blink.
   It makes you more stealthy.
 X - the amulet of Wishful Thinking (around neck) {Dismiss +Blink rElec Int+7 Stlth-}
   (You found it in an ice cave)

   [amulet of dismissal]

   It may teleport away creatures that harm you.
   It affects your intelligence (+7).
   It insulates you from electricity.
   It lets you blink.
   It makes you less stealthy.
 Y - the ring "Wuwoku" (right hand) {+Fly rC+ rN+ Str+4 Int+3}
   (You found it in an ice cave)

   [ring of intelligence]

   It affects your strength (+4).
   It affects your intelligence (+3).
   It protects you from cold.
   It protects you from negative energy.
   It lets you fly.
Wands
 a - a wand of lightning (3/15)
 e - a wand of heal wounds (0/9)
 w - a wand of acid (4/15)
 y - a wand of heal wounds (1/9)
 A - a wand of teleportation (4/9)
 D - a wand of slowing (27/48)
 L - a wand of disintegration (14/24)
 P - a wand of hasting (3/9)
 T - a wand of digging (11/24)
Scrolls
 d - 2 scrolls of summoning
 i - 11 scrolls of magic mapping
 j - 5 scrolls of fog
 n - 6 scrolls of fear
 o - 18 scrolls of remove curse
 p - 5 scrolls of teleportation
 q - 5 scrolls of recharging
 r - 5 scrolls of identify
 v - a scroll of silence
Potions
 b - 5 potions of haste
 g - 7 potions of curing
 k - 5 potions of flight
 u - 3 potions of invisibility
 C - 6 potions of brilliance
 E - a potion of might
 F - 5 potions of magic
 I - 3 potions of cancellation
 J - 2 potions of agility
 S - a potion of berserk rage
 U - 5 potions of ambrosia
 V - a potion of cure mutation
Miscellaneous
 x - a phial of floods
 Q - a fan of gales
Comestibles
 f - 4 bread rations
 l - 10 beef jerkies
 m - 5 meat rations
 H - 10 slices of pizza
 N - 13 royal jellies
 O - 8 fruits


   Skills:
 + Level 24.8 Fighting
 - Level 18.3 Long Blades
 + Level 18.3 Axes
 + Level 24.7 Armour
 - Level 13.6 Dodging
 - Level 17.0 Shields


You had 22 spell levels left.
You didn't know any spells.

Dungeon Overview and Level Annotations

Branches:
Dungeon (15/15)            Temple (1/1) D:4            Lair (6/6) D:11
 Shoals (4/4) Lair:4        Snake (4/4) Lair:4        Slime (0/5) Lair:6
    Orc (2/2) D:12            Elf (3/3) Orc:2        Vaults (5/5) D:14
  Crypt (0/3) Vaults:2     Depths (2/5) D:15           Hell (1/1)
    Dis: Hell:1         Geh: Hell:1         Coc: Hell:1         Tar: Hell:1

Altars:
Ashenzari
Cheibriados
Dithmenos
Elyvilon
Fedhas
Gozag
Hepliaklqana
Kikubaaqudgha
Makhleb
Nemelex Xobeh
Okawaru
Pakellas
Qazlal
Ru
Sif Muna
Trog
Uskayaw
Vehumet
Xom
Yredelemnul
Zin
The Shining One
Beogh

Shops:
Orc:2 *[=[:   Shoals:1 ?   Depths:1 *

Portals:
Hell: Depths:1
Abyss: Depths:1

Annotations:
D:10 Joseph
Shoals:4 Ilsuiw
Elf:3 1 exclusion
Vaults:4 Aizul
Hell Geryon
Abyss:1 Frederick, Polyphemus


Innate Abilities, Weirdness & Mutations

You reflexively headbutt those who attack you in melee.
You have a pair of horns on your head.
You are surrounded by a mild repulsion field. (EV +2)
You are dopey. (Int -2)
You are robust. (+10% HP)
Your muscles are strong. (Str +2)
Potions and wands are less effective at restoring your health.


Message History

The amulet of Wishful Thinking {Dismiss +Blink rElec Int+7 Stlth-} vibrates suddenly!
The frost giant hits you with a battleaxe of freezing.
* * * LOW HITPOINT WARNING * * *
The cyan very ugly thing stings you!
* * * LOW HITPOINT WARNING * * *
The cyan very ugly thing shocks you! You resist.
* * * LOW HITPOINT WARNING * * *
The frost giant hits you but does no damage.
You hear some strange, mumbled words.
The cyan very ugly thing stings you but does no damage.
The yaktaur captain wields an arbalest.
The yaktaur captain shoots a bolt.
The bolt hits you.
* * * LOW HITPOINT WARNING * * *
A large slime creature splits.
The juggernaut hits you but does no damage.
The juggernaut hits you!
* * * LOW HITPOINT WARNING * * *
The shining eye moves out of view.
The frost giant hits you with a battleaxe of freezing!!
You die...

### #.# #)# #.#
#######)# #
###....##)# ..
#<......#)# ...
##..(...#.###....
###..##)@#C.....
#...(cCuCO≈O...
##...?(JJC.≈≈...
#...((().{.T....
##.##).......[..
#....≈≈≈..#..##
#..≈≈≈≈≈.#.#[#
...≈≈≈≈≈≈≈##.#.
......≈≈≈≈≈# #.#


You could see a juggernaut, a titan, a frost giant, a cyan very ugly thing, a
yaktaur captain, 2 slime creatures, a deep troll earth mage, a two-headed ogre
and an ogre.

Vanquished Creatures
  A pandemonium lord (Zig:7)
  Sojobo (Vaults:4)
  Vashnia (Snake:3)
  Saint Roka (Orc:2)
  Jory (Vaults:2)
  Nikola (Snake:1)
  A Tzitzimitl (Zig:7)
  Jorgrun (Vaults:3)
  A lich (Depths:2)
  8 large abominations
  3 deep elf blademasters
  2 deep elf master archers (Elf:3)
  4 tentacled starspawn (Abyss:2)
  2 krakens (Shoals:3)
  Roxanne (Shoals:1)
  2 tengu reavers (Vaults:4)
  Wiglaf (Snake:3)
  11 greater nagas
  Donald (Orc:2)
  The ghost of Aksej the Basher, a journeyman DsGl of Hepliaklqana (Shoals:1)
  A ghost moth (Zig:2)
  4 deep elf sorcerers
  A fire giant (Vaults:4)
  Louise (Shoals:4)
  12 vault wardens
  2 draconian zealots (Zig:4)
  An orc warlord (Vaults:3)
  A spriggan defender (Depths:2)
  9 ironheart preservers
  A reaper (Zig:7)
  4 very ugly things
  7 deep elf demonologists (Elf:3)
  4 stone giants
  Nessos (Lair:6)
  9 deep elf annihilators
  2 white draconians
  A dire elephant (D:15)
  4 merfolk javelineers
  A blizzard demon (Zig:7)
  9 deep elf death magi
  3 ettins
  5 yaktaur captains
  Josephine (Lair:6)
  7 merfolk impalers
  6 great orbs of eyes
  4 deep elf high priests
  12 hydras
  14 vault guards
  3 ice dragons
  2 fire dragons
  2 rakshasas
  Harold (Orc:1)
  26 naga warriors
  A merfolk avatar (Shoals:2)
  8 centaur warriors
  2 ghost crabs (Zig:6)
  16 ogre magi
  A death knight (D:14)
  12 anacondas
  A catoblepas (Shoals:3)
  The ghost of jedvagenij the Nimble, a novice MiBe of Trog (D:9)
  6 merfolk aquamancers
  30 dancing weapons
  An alligator (Zig:6)
  3 deep troll shamans
  A satyr (Shoals:3)
  2 tengu warriors (D:14)
  14 death yaks
  2 deep troll earth magi
  A thrashing horror (Abyss:2)
  8 shock serpents
  Urug (Orc:1)
  14 naga sharpshooters
  2 orc high priests
  The ghost of removeelyvilon the Nimble, a journeyman VSTm of Cheibriados (D:12)
  An iron troll (Depths:1)
  A storm dragon zombie (Vaults:3)
  A soul eater (Depths:1)
  24 deep elf knights
  3 salamander mystics
  3 giant orange brains
  A fire crab (Vaults:1)
  A shambling mangrove (Zig:6)
  3 wretched stars (Abyss:2)
  14 deep trolls
  A wizard (Vaults:2)
  18 sea snakes
  A tengu zombie (Depths:1)
  2 unseen horrors
  A kraken simulacrum (Shoals:4)
  22 deep elf archers
  A wolf spider zombie (D:14)
  A phantasmal warrior (D:14)
  13 hill giants
  3 necromancers
  14 naga ritualists
  A flayed ghost (Vaults:4)
  13 ironbrand convokers
  10 harpies
  10 mana vipers
  2 hornets (shapeshifter)
  17 griffons
  26 ugly things
  A wolf spider (Vaults:1)
  11 orc knights
  10 cyclopes
  4 orc sorcerers
  3 hornets
  6 fauns
  96 deep elf magi
  A salamander (shapeshifter) (Vaults:1)
  2 stone giant zombies (Vaults:3)
  14 manticores
  16 salamanders
  28 naga magi
  An octopode (shapeshifter) (Vaults:3)
  2 water nymphs
  15 elephants
  A guardian serpent (shapeshifter) (Elf:1)
  17 guardian serpents
  10 vault sentinels
  12 sirens
  A frost giant skeleton (Vaults:3)
  56 black mambas
  2 centaur zombies
  A rust devil (Abyss:2)
  24 spiny frogs
  2 gargoyles
  The ghost of subsebi the Chopper, a novice DsCK of Xom (D:4)
  A smoke demon (Abyss:2)
  A titan simulacrum (Depths:1)
  A demonic crawler (Zig:2)
  9 komodo dragons
  4 freezing wraiths
  11 rime drakes
  2 efreet
  4 tengu conjurers (D:14)
  55 yaktaurs
  A guardian mummy (Zig:1)
  11 trolls
  A queen bee (Lair:4)
  12 polar bears
  A merfolk (shapeshifter) (Elf:3)
  A troll (shapeshifter) (Vaults:1)
  A two-headed ogre (shapeshifter) (Vaults:2)
  A wind drake (shapeshifter) (Vaults:4)
  32 merfolk
  3 snapping turtles
  2 giant leeches (Lair:6)
  42 two-headed ogres
  4 boulder beetles
  A wind drake (Shoals:1)
  19 slime creatures
  A fire dragon zombie (Depths:1)
  8 raiju (Abyss:2)
  An ettin zombie (Vaults:3)
  A sphinx simulacrum (Vaults:1)
  12 blink frogs
  A meliai zombie (D:15)
  A centaur simulacrum (D:14)
  An ushabti (Zig:1)
  3 starcursed masses (Abyss:2)
  2 shadows
  5 redbacks (Vaults:4)
  A tarantella (Zig:2)
  A tarantella (shapeshifter) (Vaults:2)
  3 air elementals
  12 wraiths
  49 yaks
  3 vampires
  10 water elementals
  3 fire elementals
  3 basilisks
  A fire bat (shapeshifter) (Elf:2)
  2 humans (D:8)
  A basilisk (shapeshifter) (Elf:2)
  A human (shapeshifter) (Vaults:3)
  4 hungry ghosts
  A chaos spawn (Abyss:2)
  8 hippogriffs
  31 vampire mosquitoes
  A neqoxec (Abyss:2)
  10 wargs
  5 mottled dragons
  74 nagas
  11 porcupines
  A soldier ant (D:8)
  16 water moccasins
  37 orc warriors
  5 small abominations
  7 ice beasts
  4 sky beasts
  4 black bears
  5 phantoms
  2 human zombies (Vaults:1)
  An ice beast (shapeshifter) (D:14)
  5 wasps
  3 eyes of draining
  12 centaurs
  6 boggarts
  70 ogres
  19 wolves
  14 crocodiles
  A big kobold (shapeshifter) (Elf:3)
  A big kobold (D:8)
  2 earth elementals
  39 giant frogs
  A gnoll sergeant (D:8)
  A wyvern skeleton (D:14)
  3 scorpions
  21 killer bees
  5 electric eels
  20 wights
  4 howler monkeys
  6 crimson imps
  A giant frog zombie (D:13)
  A lava snake (Lair:2)
  A quasit (D:10)
  2 giant frog skeletons
  6 hounds
  2 human simulacra
  24 orc wizards
  3 centaur skeletons
  18 orc priests
  2 jellies
  8 hell rats (Lair:5)
  Terence (D:3)
  6 iguanas
  Natasha (thrice) (D:3)
  15 worker ants
  21 sheep
  2 hound zombies
  2 mummies (Zig:1)
  A howler monkey skeleton (D:10)
  3 worker ant zombies
  10 gnolls
  16 adders
  10 river rats
  4 shadow imps
  An ooze (D:4)
  An adder zombie (D:6)
  An adder skeleton (D:8)
  A worm (D:3)
  A dart slug (D:2)
  8 giant geckos
  101 orcs
  2 giant cockroaches
  3 goblins
  A hobgoblin (D:1)
  14 jackals
  15 kobolds
  3 quokkas
  2 ball pythons
  14 bats
  25 rats
  2 crawling corpses (Vaults:3)
  A plant (Shoals:3)
  5 starspawn tentacles (Abyss:2)
  13 tentacles
2061 creatures vanquished.

Vanquished Creatures (collateral kills)
  A shock serpent (Snake:4)
  2 centaurs (D:13)
3 creatures vanquished.

Vanquished Creatures (others)
  2 krakens (Shoals:3)
  A sphinx (Vaults:4)
  An Executioner (Zig:7)
  A frost giant (Vaults:4)
  A deep elf sorcerer (Vaults:4)
  A deep elf elementalist (Elf:3)
  An ironheart preserver (Vaults:4)
  A very ugly thing (Depths:1)
  An ettin (Depths:2)
  A deep elf death mage (Elf:3)
  A hydra (Zig:6)
  An alligator snapping turtle (Shoals:2)
  An anaconda (Zig:5)
  An alligator (Zig:6)
  A tengu warrior (Depths:1)
  2 deep elf knights (Elf:2)
  A shadow wraith (Vaults:3)
  2 sea snakes (Shoals:4)
  A storm dragon skeleton (Depths:1)
  A harpy (Shoals:1)
  A deep elf archer (Elf:3)
  An ironbrand convoker (Vaults:4)
  5 deep elf magi
  A hornet (Zig:6)
  A faun (Shoals:3)
  A siren (Shoals:4)
  2 black mambas
  A water nymph (Shoals:3)
  2 freezing wraiths
  3 yaktaurs
  2 merfolk
  A slime creature (Depths:2)
  A snapping turtle (Shoals:2)
  4 water elementals
  A yak (IceCv)
  A golden eye (shapeshifter) (D:14)
  2 nagas (Snake:4)
  2 orc warriors
  3 ogres (Vaults:3)
  A crocodile (D:5)
  2 orcs
  A bush (Lair:6)
  35 fungi
  102 plants
  6 starspawn tentacles (Abyss:2)
  111 starspawn tentacle segments (Abyss:2)
  21 tentacles
  1443 tentacle segments
1780 creatures vanquished.

Grand Total: 3844 creatures vanquished

Notes
Turn   | Place    | Note
--------------------------------------------------------------
     0 | D:1      | Arkorax the Minotaur Fighter began the quest for the Orb.
     0 | D:1      | Reached XP level 1. HP: 19/19 MP: 0/0
   164 | D:1      | Reached XP level 2. HP: 24/27 MP: 1/1
   714 | D:2      | Reached XP level 3. HP: 28/33 MP: 2/2
  1832 | D:3      | Noticed Natasha
  1842 | D:3      | Killed Natasha
  1842 | D:3      | Reached XP level 4. HP: 41/41 MP: 3/3
  2000 | D:3      | Found a burning altar of Makhleb.
  2058 | D:3      | Noticed Terence
  2058 | D:3      | Noticed Natasha
  2067 | D:3      | Killed Terence
  2069 | D:3      | Killed Natasha
  2242 | D:3      | Noticed Natasha
  2252 | D:3      | Killed Natasha
  2252 | D:3      | Reached XP level 5. HP: 30/47 MP: 4/4
  2304 | D:3      | Reached skill level 5 in Fighting
  2394 | D:3      | Reached skill level 5 in Shields
  2395 | D:3      | Reached skill level 5 in Armour
  2631 | D:3      | Reached XP level 6. HP: 41/56 MP: 5/5
  2833 | D:4      | Found a staircase to the Ecumenical Temple.
  2843 | Temple   | Entered the Ecumenical Temple
  2949 | Temple   | Became a worshipper of Vehumet
  3424 | D:4      | Noticed subsebi's ghost (novice DsCK)
  3444 | D:4      | Killed subsebi's ghost
  3444 | D:4      | Reached skill level 5 in Axes
  3444 | D:4      | Reached XP level 7. HP: 8/63 MP: 6/6
  4133 | D:4      | Reached * piety under Vehumet
  4133 | D:4      | Offered knowledge of Sting by Vehumet.
  4287 | D:5      | Entered Level 5 of the Dungeon
  4492 | D:5      | Reached XP level 8. HP: 69/71 MP: 7/7
  4613 | D:5      | Found a snail-covered altar of Cheibriados.
  4614 | D:5      | Found a sparkling altar of Nemelex Xobeh.
  4615 | D:5      | Found a blossoming altar of Fedhas.
  4619 | D:5      | Found a hide-covered altar of Uskayaw.
  4784 | D:5      | Found an oddly glowing altar of Pakellas.
  4784 | D:5      | Noticed an orange crystal statue
  4912 | D:5      | Found a shimmering altar of Xom.
  4960 | D:5      | Reached skill level 1 in Long Blades
  6186 | D:7      | Offered knowledge of Throw Flame by Vehumet.
  6655 | D:8      | Found a deep blue altar of Sif Muna.
  6656 | D:8      | Found a basalt altar of Yredelemnul.
  6661 | D:8      | Reached ** piety under Vehumet
  6661 | D:8      | Reached XP level 9. HP: 81/81 MP: 8/8
  6665 | D:8      | Found an opulent altar of Gozag.
  7638 | D:8      | Found a white marble altar of Elyvilon.
  7788 | D:8      | Found an iron altar of Okawaru.
  8146 | D:9      | Offered knowledge of Searing Ray by Vehumet.
  8167 | D:9      | Reached XP level 10. HP: 66/91 MP: 9/9
  8680 | D:9      | Reached *** piety under Vehumet
  8699 | D:9      | Reached skill level 10 in Fighting
  8859 | D:9      | Noticed jedvagenij's ghost (novice MiBe)
  8883 | D:9      | Killed jedvagenij's ghost
  8883 | D:9      | Reached skill level 10 in Armour
  8896 | D:9      | Offered knowledge of Iskenderun's Mystic Blast by Vehumet.
  9029 | D:10     | Entered Level 10 of the Dungeon
  9087 | D:10     | Reached skill level 10 in Shields
  9161 | D:10     | Noticed Joseph
  9162 | D:10     | Noticed a hill giant
  9794 | D:10     | Killed a hill giant
  9808 | D:10     | Noticed a hill giant
  9819 | D:10     | Killed a hill giant
  9915 | D:10     | Reached XP level 11. HP: 97/101 MP: 10/10
 10190 | D:10     | Reached **** piety under Vehumet
 10360 | D:11     | Reached skill level 10 in Axes
 10682 | D:11     | Offered knowledge of Static Discharge by Vehumet.
 10719 | D:11     | Noticed a hill giant
 10747 | D:11     | Killed a hill giant
 11188 | D:11     | Noticed a red ugly thing
 11188 | D:11     | Noticed a red ugly thing
 11196 | D:11     | Killed a red ugly thing
 11208 | D:11     | Killed a brown ugly thing
 11819 | D:11     | Found a staircase to the Lair.
 11864 | D:12     | Found a staircase to the Orcish Mines.
 11869 | D:12     | Reached ***** piety under Vehumet
 11875 | D:12     | Offered knowledge of Lightning Bolt by Vehumet.
 12127 | D:12     | Noticed a six-headed hydra
 12151 | D:12     | Killed a six-headed hydra
 12463 | D:12     | Noticed removeelyvilon's ghost (journeyman VSTm)
 12492 | D:12     | Killed removeelyvilon's ghost
 12492 | D:12     | Reached XP level 12. HP: 75/113 MP: 11/11
 12755 | Lair:1   | Entered Level 1 of the Lair of Beasts
 13522 | Lair:2   | Found a glowing silver altar of Zin.
 13722 | Lair:2   | Found a frozen archway.
 13729 | IceCv    | Entered an ice cave
 13819 | IceCv    | Got a crude glass ring
 13944 | IceCv    | Got a wavering crystal amulet
 13945 | IceCv    | Identified the amulet of Wishful Thinking {Dismiss +Blink rElec Int+7 Stlth-} (You found it in an ice cave)
 13946 | IceCv    | Identified the ring "Wuwoku" {+Fly rC+ rN+ Str+4 Int+3} (You found it in an ice cave)
 14010 | IceCv    | Noticed a death yak
 14010 | IceCv    | Noticed a death yak
 14031 | IceCv    | Killed a death yak
 14035 | IceCv    | Killed a death yak
 14251 | IceCv    | Offered knowledge of Fireball by Vehumet.
 14428 | IceCv    | Noticed a white draconian
 14463 | IceCv    | Killed a white draconian
 14477 | IceCv    | Reached XP level 13. HP: 50/122 MP: 12/12
 14556 | IceCv    | Got a brightly glowing scimitar
 14557 | IceCv    | Identified the +12 scimitar of Wilezaex {drain, Int+4} (You found it in an ice cave)
 14712 | IceCv    | Got a slimy mace
 14713 | IceCv    | Identified the +4 mace "Couclu Masm" {freeze, *Noise +Fly rElec Dex-5} (You found it in an ice cave)
 15936 | Lair:3   | Reached skill level 5 in Long Blades
 17093 | Lair:4   | Found a staircase to the Snake Pit.
 17390 | Lair:4   | Found a staircase to the Shoals.
 18026 | Lair:5   | Offered knowledge of Irradiate by Vehumet.
 18666 | Lair:5   | Reached XP level 14. HP: 108/133 MP: 13/13
 19199 | Lair:6   | Entered Level 6 of the Lair of Beasts
 19199 | Lair:6   | Noticed Josephine
 19419 | Lair:6   | Noticed Nessos
 19541 | Lair:6   | Reached skill level 15 in Fighting
 19601 | Lair:5   | Reached ****** piety under Vehumet
 19788 | Lair:6   | Reached skill level 15 in Shields
 19883 | Lair:6   | Offered knowledge of Iskenderun's Battlesphere by Vehumet.
 20210 | Lair:6   | Reached skill level 15 in Armour
 20435 | Lair:6   | Found a staircase to the Slime Pits.
 20477 | Lair:6   | Reached skill level 10 in Long Blades
 20601 | Lair:6   | Killed Nessos
 21404 | Lair:6   | Killed Josephine
 21409 | Lair:6   | Reached XP level 15. HP: 136/143 MP: 14/14
 21992 | D:12     | Got a polished war axe
 21993 | D:12     | Identified the +2 war axe of Purpose {flame, rN+ MR+++} (You found it on level 12 of the Dungeon)
 22327 | D:13     | Offered knowledge of Poisonous Cloud by Vehumet.
 22717 | D:14     | Found a gate to the Vaults.
 23773 | D:15     | Entered Level 15 of the Dungeon
 23931 | D:15     | Offered knowledge of Bolt of Fire by Vehumet.
 24105 | D:15     | Found a staircase to the Depths.
 24371 | D:15     | Found Comuusu's Book Emporium.
 25226 | Orc:1    | Entered Level 1 of the Orcish Mines
 25226 | Orc:1    | Noticed Urug
 25233 | Orc:1    | Killed Urug
 25297 | Orc:1    | Offered knowledge of Conjure Ball Lightning by Vehumet.
 25387 | Orc:1    | Found a runed door.
 25464 | Orc:1    | Found a roughly hewn altar of Beogh.
 25481 | Orc:1    | Reached XP level 16. HP: 154/154 MP: 15/15
 25530 | Orc:2    | Entered Level 2 of the Orcish Mines
 25620 | Orc:2    | Noticed Donald
 25631 | Orc:2    | Killed Donald
 25888 | Orc:2    | Found a staircase to the Elven Halls.
 25894 | Orc:2    | Noticed Saint Roka
 25941 | Orc:2    | Killed Saint Roka
 26294 | Orc:2    | Found Gupsoepp's Assorted Antiques.
 26294 | Orc:2    | Found Looqyfoi's Armour Shop.
 26295 | Orc:2    | Found Qetityaq's Jewellery Shop.
 26295 | Orc:2    | Found Weent's Antique Armour Shoppe.
 26305 | Orc:2    | Offered knowledge of Shatter by Vehumet.
 26305 | Orc:2    | Offered knowledge of Chain Lightning by Vehumet.
 26305 | Orc:2    | Offered knowledge of Tornado by Vehumet.
 26364 | Orc:2    | Bought a fine plate armour for 924 gold pieces
 26374 | Orc:2    | Identified the +2 plate armour of the Fife {rCorr Str+2 Stlth+} (You bought it in a shop on level 2 of the Orcish Mines)
 26802 | Orc:2    | Found Nakaq's Book Shop.
 26892 | Orc:1    | Noticed Harold
 26903 | Orc:1    | Killed Harold
 27049 | Orc:1    | Found a roughly hewn altar of Beogh.
 27235 | Orc:2    | Bought an uncursed ring of poison resistance for 280 gold pieces
 27404 | Snake:1  | Entered Level 1 of the Snake Pit
 28377 | Snake:1  | Noticed Nikola
 28605 | Snake:1  | Killed Nikola
 29763 | Snake:2  | Reached XP level 17. HP: 139/163 MP: 16/16
 29775 | Snake:2  | Reached skill level 1 in Dodging
 30413 | Snake:3  | Noticed Vashnia
 30486 | Snake:3  | Killed Vashnia
 30492 | Snake:3  | Reached skill level 15 in Long Blades
 30648 | Snake:3  | Noticed Wiglaf
 30662 | Snake:3  | Killed Wiglaf
 30871 | Snake:3  | Reached skill level 5 in Dodging
 31408 | Snake:4  | Entered Level 4 of the Snake Pit
 31458 | Snake:4  | Identified Sif Muna's Collected Works on Excruciating Moulding
 31798 | Snake:4  | Reached XP level 18. HP: 157/176 MP: 17/17
 33095 | Snake:4  | Got a serpentine rune of Zot
 33527 | Vaults:1 | Entered Level 1 of the Vaults
 34696 | Vaults:1 | Paralysed by an ogre mage for 4 turns
 34972 | Vaults:2 | Reached XP level 19. HP: 185/185 MP: 18/18
 35077 | Vaults:2 | Found a staircase to the Crypt.
 35405 | Orc:2    | Bought the +18 shield of the Gong {rElec rN+ MR+ EV-5} for 1459 gold pieces
 35590 | Vaults:2 | Noticed Jory
 35631 | Vaults:2 | Killed Jory
 35635 | Vaults:2 | Reached skill level 10 in Dodging
 36774 | Vaults:3 | Paralysed by a wizard for 7 turns
 37889 | Vaults:3 | Noticed Jorgrun
 37929 | Vaults:3 | Killed Jorgrun
 37940 | Vaults:3 | Reached XP level 20. HP: 142/198 MP: 19/19
 39209 | Elf:1    | Entered Level 1 of the Elven Halls
 39259 | Elf:1    | Found a radiant altar of Vehumet.
 40111 | Elf:1    | Cast into level 2 of the Abyss (a deep elf sorcerer)
 40111 | Abyss:2  | Found a corrupted altar of Lugonu.
 40563 | Elf:1    | Escaped the Abyss
 41685 | Elf:2    | Reached XP level 21. HP: 162/207 MP: 20/20
 41920 | Elf:2    | Found a runed gate.
 41920 | Elf:2    | Found a runed gate.
 41920 | Elf:2    | Found a runed gate.
 42065 | Elf:2    | Gained mutation: Your muscles are strong. (Str +2) [a neqoxec]
 42595 | Elf:3    | Entered Level 3 of the Elven Halls
 43901 | Elf:3    | Got a shimmering pewter ring
 43902 | Elf:3    | Identified the ring of the Elephant {rPois MR+ Int-2 Dex+3} (You took it off a deep elf death mage on level 3 of the Elven Halls)
 44618 | Elf:3    | Got a ring of the Octopus King
 44624 | Elf:3    | Got a scorched golden ring
 44761 | Elf:3    | Identified the ring of Amelioration {+Blink rElec rF+ Str+4 Stlth+} (You took it off a deep elf demonologist on level 3 of the Elven Halls)
 44765 | Elf:3    | Identified a ring of the Octopus King {MP+9 AC+1 EV+1 Str+1 Int+1 Dex+1} (You took it off a deep elf annihilator on level 3 of the Elven Halls)
 44869 | Elf:3    | Got a pair of jewelled gloves
 44880 | Elf:3    | Identified the +0 pair of gloves "Leunaxtoda" {*Contam rPois Int+7} (You found it on level 3 of the Elven Halls)
 45536 | Vaults:4 | Reached skill level 15 in Axes
 45607 | Vaults:4 | Noticed Sojobo
 46027 | Vaults:4 | Noticed Aizul
 46087 | Vaults:4 | Reached XP level 22. HP: 145/220 MP: 21/21
 46503 | Vaults:4 | Killed Sojobo
 46661 | Vaults:4 | Noticed Frederick
 46669 | Vaults:4 | Banished Frederick
 47146 | Vaults:5 | Entered Level 5 of the Vaults
 47441 | Shoals:1 | Entered Level 1 of the Shoals
 47441 | Shoals:1 | Noticed Roxanne
 47855 | Shoals:1 | Noticed Aksej's ghost (journeyman DsGl)
 47872 | Shoals:1 | Killed Roxanne
 47931 | Shoals:1 | Got an ancient chain mail
 47990 | Shoals:1 | Killed Aksej's ghost
 48048 | Shoals:1 | Identified the +2 chain mail of the Illusory Wishes {+Blink Str+3 Stlth+} (You found it on level 1 of the Shoals)
 48511 | Shoals:1 | Found Ugicy's Magic Scroll Boutique.
 49069 | Shoals:3 | Noticed Polyphemus
 49078 | Shoals:3 | Banished Polyphemus
 49954 | Shoals:4 | Entered Level 4 of the Shoals
 49997 | Shoals:4 | Noticed Ilsuiw
 50061 | Shoals:4 | Noticed Louise
 50120 | Shoals:4 | Killed Louise
 50148 | Shoals:4 | Got a barnacled rune of Zot
 50168 | Shoals:4 | Gained mutation: You are robust. (+10% HP) [potion of beneficial mutation]
 50630 | Depths:1 | Entered Level 1 of the Depths
 50866 | Orc:2    | Bought a scroll labeled JENUFIPHIG for 28 gold pieces
 50946 | Orc:2    | Got a slimy war axe
 50947 | Orc:2    | Identified the +0 war axe of Gallantry {elec, rC+ Int+2} (You acquired it on level 2 of the Orcish Mines)
 50949 | Orc:2    | Bought a +3 plate armour of fire resistance for 675 gold pieces
 50958 | Orc:2    | Gained mutation: You are dopey. (Int -2) [mutagenic glow]
 51058 | Orc:2    | Gained mutation: Potions and wands are less effective at restoring your health. [mutagenic glow]
 51256 | Depths:1 | Reached XP level 23. HP: 240/251 MP: 22/22
 51364 | Depths:1 | Found a one-way gate to the infinite horrors of the Abyss.
 51456 | Depths:1 | Found a gateway to a ziggurat.
 51480 | Zig:1    | Entered Level 1 of a ziggurat
 51509 | Zig:2    | Entered Level 2 of a ziggurat
 51542 | Zig:3    | Entered Level 3 of a ziggurat
 51582 | Zig:4    | Entered Level 4 of a ziggurat
 51626 | Zig:4    | Got a crystal triple sword
 51627 | Zig:4    | Identified the +1 triple sword of Absolution {flame, rC++ Stlth+} (You acquired it on level 4 of a ziggurat)
 51641 | Zig:5    | Entered Level 5 of a ziggurat
 51674 | Zig:5    | Gained mutation: You are surrounded by a mild repulsion field. (EV +2) [potion of beneficial mutation]
 51807 | Zig:6    | Entered Level 6 of a ziggurat
 51952 | Zig:7    | Entered Level 7 of a ziggurat
 51959 | Zig:7    | Noticed Kamarin the pandemonium lord
 51975 | Zig:7    | Killed Kamarin the pandemonium lord
 52438 | Depths:1 | Found Kegecixzyf's Island Escapes.
 52933 | Depths:1 | Found a gateway to Hell.
 53052 | Hell     | Entered the Vestibule of Hell
 53052 | Hell     | Noticed Geryon
 53159 | Depths:2 | Noticed a juggernaut
 53203 | Depths:2 | Paralysed by something for 6 turns
 53209 | Depths:2 | HP: 7/255 [juggernaut (9)]
 53209 | Depths:2 | Mangled by a frost giant

Vault maps used:
D:1:      minmay_arrival_five_plusses, minmay_misc_feat_doors
D:3:      lightli_temple_of_fire, uniq_terence, uniq_natasha
D:4:      temple_hall, gup_sewer_entry_bowl, minmay_misc_feat_diagonals
D:5:      led_xom_imps, minitemple, first_bread,
          gammafunk_pakellas_statue_experiment
D:6:      minmay_misc_feat_pillars
D:8:      grunt_temple_overflow_open, okawaru_humans, basic_altar,
          minmay_misc_feat_chi, hangedman_pestilent_swarm
D:10:     uniq_joseph
D:11:     nrook_guardian_serpent_snake_passage, grunt_lair_entry_orc_guard_hut
D:12:     david_orc_2
D:14:     lightli_vaults_fourway_checkpoint, minmay_misc_feat_hallway,
          serial_bayou_pond_d
D:15:     hangedman_depths_entry_try_elsewhere_first, serial_shops, shop,
          minmay_misc_feat_rows
Temple:   circular_temple_12
Lair:2:   portal_ice_cave_rime, basic_altar
Lair:4:   elwin_shoals_entry_rooms, minmay_snake_entry_guardpost_small,
          special_room, infiniplex_staircase_pool_2, grunt_megastairs_1,
          serial_bayou_shore_b
Lair:5:   kennysheep_abandoned_house
Lair:6:   minmay_lair_end_frog_pond, slime_dummy, st_stairs_10,
          minmay_lair_drake_nest, uniq_josephine, uniq_nessos
Shoals:1: cheibrodos_shoals_roost, serial_shops, nicolae_shop_crystal,
          uniq_roxanne
Shoals:2: nicolae_shoals_this_corrosion
Shoals:3: nicolae_shoals_kraken_party, uniq_polyphemus
Shoals:4: shoals_end_grunt_ice, shoals_ilsuiw_ice, uniq_louise
Snake:1:  uniq_nikola
Snake:2:  grunt_ministairs_2, grunt_megastairs_3
Snake:3:  corexii_hall_statues_u, uniq_vashnia, uniq_wiglaf
Snake:4:  johnstein_snake_rune_scales, st_stairs_8, serial_bayou_lagoon_b,
          serial_bayou_shore_b
Orc:1:    basic_altar, lightli_church_of_beogh, uniq_urug, uniq_harold
Orc:2:    st_orc_ogre_mass, serial_shops, shop, guppyfry_library_mini,
          uniq_saint_roka, uniq_donald
Elf:1:    eino_elf_arrival_altar, minmay_elf_annihilation
Elf:3:    grunt_elf_hall_spiral
Vaults:1: nicolae_vaults_theta, nicolae_vaults_twisting_passages,
          nicolae_vaults_back_hallway, vaults_room_grunt_arrival_ludios,
          grunt_vaults_twisty, nicolae_vaults_little_squares_6,
          vaults_standard_mumra_lines
Vaults:2: hangedman_vaults_stagger, v_pattern_4,
          nicolae_vaults_little_squares_3, grunt_vaults_swirl,
          minmay_crypt_entry_simple_plaza, nicolae_vaults_circle_grid_b,
          vaults_room_stairs_pillars, vaults_dpeg_cross,
          nicolae_vaults_little_squares_4, nicolae_vaults_rhombus_5, uniq_jory
Vaults:3: v_misc_3, ontoclasm_vaults_ring_small, ontoclasm_vaults_eye,
          ontoclasm_vaults_ring_square, nicolae_vaults_three_branches,
          grunt_vaults_diagonal, vaults_room_corners,
          nicolae_vaults_border_crossing, ontoclasm_vaults_misaligned,
          st_more_cells, vaults_room_semicircle, vaults_standard_mumra_x,
          ontoclasm_vaults_fault, uniq_jorgrun
Vaults:4: v_misc_12, nicolae_vaults_what_the_h, v_misc_28, vaults_dpeg_doors,
          nicolae_vaults_bisected_slash, v_misc_11, vaults_mumra_hex,
          vaults_dpeg_hooks, v_rooms_3, vaults_mumra_lcd,
          ontoclasm_vaults_pinch, uniq_frederick, uniq_aizul, uniq_sojobo
Depths:1: enter_ziggurat_f, minivault_14, abyss_entry, serial_sigils,
          serial_sigils_hangedman_etch, serial_sigils_hangedman_stare,
          serial_sigils_hangedman_snap, serial_sigils_hangedman_scratch,
          serial_sigils_hangedman_confine, hell_entry,
          serial_sigils_hangedman_gnaw, nicolae_island_escapes,
          serial_bayou_shore_b
Depths:2: minmay_imperfect_grid, abyss_entry_small_statue_room, hell_entry,
          infiniplex_staircase_trident
IceCv:    ice_cave_caverns_03

Skill      XL: |  1  2  3  4  5  6  7  8  9 10 11 12 13 14 15 16 17 18 19 20 21 22 23 |
---------------+----------------------------------------------------------------------+-----
Fighting       | 4 5 6 8 9 10 12 13 14 15 16 18 19 20 21 22 23 24 | 24.8
Shields        | 4 5 6 7 9 10 12 13 14 15 16 17 | 17.0
Axes           | 3 4 5 6 8 9 11 12 13 15 17 18 | 18.3
Armour         | 4 5 6 7 9 10 12 13 14 15 16 18 19 20 21 23 24 | 24.7
Long Blades    | 3 7 10 12 14 15 17 18 | 18.3
Dodging        | 6 9 11 13 | 13.6

Action                   |  1- 3 |  4- 6 |  7- 9 | 10-12 | 13-15 | 16-18 | 19-21 | 22-24 || total
-------------------------+-------+-------+-------+-------+-------+-------+-------+-------++-------
Melee: War axe           |   100 |   103 |   347 |   681 |    16 |       |       |    80 ||  1327
       Headbutt          |    11 |    22 |    64 |   143 |   331 |   453 |   624 |   326 ||  1974
       Mace              |       |       |       |     4 |       |       |       |       ||     4
       Scimitar          |       |       |       |       |  1340 |  1635 |  1701 |       ||  4676
       Unarmed           |       |       |       |       |     3 |       |       |       ||     3
       Broad axe         |       |       |       |       |       |       |   342 |   983 ||  1325
 Abil: Evoke Berserk Rag |       |       |       |     3 |     7 |     1 |       |       ||    11
Evoke: Wand              |       |     2 |       |     6 |     8 |     9 |     8 |    16 ||    49
       Fan of gales      |       |       |       |     1 |       |     1 |       |       ||     2
       Phial of floods   |       |       |       |       |       |     1 |       |       ||     1
  Use: Potion            |       |     6 |       |     6 |     3 |     1 |     4 |     7 ||    27
       Scroll            |       |       |     8 |    18 |    18 |     8 |    27 |    25 ||   104
 Stab: Distracted        |       |       |     1 |       |       |       |     2 |       ||     3
       Invisible         |       |       |       |    11 |     2 |       |       |       ||    13
       Confused          |       |       |       |       |     1 |       |       |       ||     1
  Eat: Bread ration      |     1 |     1 |     3 |     2 |     4 |     1 |     1 |     1 ||    14
       Chunk             |       |     2 |     1 |     4 |    17 |     8 |     7 |     2 ||    41
       Meat ration       |       |       |       |     3 |     1 |     3 |     4 |     3 ||    14
       Royal jelly       |       |       |       |       |     3 |       |     3 |       ||     6
       Pizza             |       |       |       |       |     1 |       |     1 |       ||     2
       Fruit             |       |       |       |       |       |     3 |     2 |       ||     5
       Beef jerky        |       |       |       |       |       |     1 |       |     3 ||     4
Armor: Scale mail        |    59 |    55 |    25 |       |       |       |       |       ||   139
       Plate armour      |       |       |   117 |   242 |   549 |   417 |   568 |   398 ||  2291
       Chain mail        |       |       |    14 |       |       |       |       |       ||    14
Dodge: Dodged            |    30 |    32 |    73 |    59 |   195 |   207 |   276 |   272 ||  1144
Block: Shield            |    57 |    70 |   192 |    15 |       |     3 |  2457 |  1689 ||  4483
       Large shield      |       |       |       |   643 |  1598 |  1707 |    19 |       ||  3967
